[Event "Titled Tuesday Blitz March 29 Late 2022"]
[White "Miszler, Levente"]
[Black "Torres Hernandez, Leslie Carolin"]
[WhiteFideId "763276"]
[BlackFideId "8400504"]
[WhiteElo "1966"]
[BlackElo "1920"]
[Result "1-0"]
[Round "03"]
[TimeControl "180+1"]
[Date "2022.03.30"]
[WhiteClock "0:00:42"]
[BlackClock "0:00:01"]

1. Nf3 d5 2. g3 Nf6 3. Bg2 Bf5 4. O-O e6 5. Nh4 Bg6 6. Nxg6 hxg6 7. d3 Nbd7 8. Nd2 Bd6 9. b3 Be5 10. Rb1 Qe7 11. e4 O-O-O 12. Bb2 Bxb2 13. Rxb2 Qc5 14. b4 Qc3 15. Rb3 Qe5 16. exd5 exd5 17. Nf3 Qh5 18. h4 Rhe8 19. Ng5 Re7 20. Rb1 Rde8 21. c4 dxc4 22. dxc4 Ne5 23. Qa4 Kb8 24. b5 Nfd7 25. Rbd1 Nb6 26. Qb4 Nexc4 27. a4 f6 28. Nf3 Re4 29. a5 Nd5 30. Qc5 Nc3 31. Qxh5 gxh5 32. Rd3 Ne2+ 33. Kh2 Ne5 34. Rd2 Nc3 35. Nd4 Re2 36. Nxe2 a6 37. Nxc3 1-0


[Site "https://www.chess.com"]

[Event "Titled Tuesday Blitz March 29 Late 2022"]
[White "Moral Garcia, Serafin"]
[Black "Tarigan, Gilbert Elroy"]
[WhiteFideId "2201925"]
[BlackFideId "7108133"]
[WhiteElo "2228"]
[BlackElo "1908"]
[Result "1-0"]
[Round "03"]
[TimeControl "180+1"]
[Date "2022.03.29"]
[WhiteClock "0:01:07"]
[BlackClock "0:00:03"]

1. e4 e6 2. d4 d5 3. Nd2 dxe4 4. Nxe4 Nd7 5. Nf3 Ngf6 6. Bd3 c5 7. O-O Nxe4 8. Bxe4 Nf6 9. Bg5 cxd4 10. Nxd4 Be7 11. Bf3 O-O 12. Re1 a6 13. c3 Qc7 14. Qe2 Nd5 15. Bxe7 Nxe7 16. Rad1 Bd7 17. Qe5 Rac8 18. Nb3 Bc6 19. Qxc7 Rxc7 20. Bxc6 Nxc6 21. Rd6 Rd8 22. Red1 Rxd6 23. Rxd6 Kf8 24. Kf1 Ke7 25. Rd2 Ne5 26. Nc1 Nc4 27. Rc2 b5 28. Ke2 e5 29. b3 Nb6 30. Nd3 Ke6 31. Kd2 f5 32. f3 g5 33. Rc1 a5 34. Re1 Nd7 35. g4 Kf6 36. gxf5 Kxf5 37. Re4 h5 38. h3 Rc6 39. a4 Rd6 40. Kc2 bxa4 41. Rxa4 Rd5 42. c4 Rxd3 43. Kxd3 Nc5+ 44. Ke3 Nxa4 45. bxa4 e4 46. fxe4+ Ke5 47. c5 Ke6 48. Kd4 Ke7 49. Ke5 Kd7 50. Kf5 g4 51. hxg4 h4 52. Kf4 Kc7 1-0


[Site "https://www.chess.com"]

[Event "Titled Tuesday Blitz March 29 Late 2022"]
[White "Mortazavi, Ali"]
[Black "Fernandez, Daniel Howard"]
[WhiteFideId "401323"]
[BlackFideId "5801605"]
[WhiteElo "2339"]
[BlackElo "2466"]
[Result "0-1"]
[Round "03"]
[TimeControl "180+1"]
[Date "2022.03.29"]
[WhiteClock "0:00:04"]
[BlackClock "0:00:36"]

1. Nf3 d5 2. g3 c6 3. Bg2 Bg4 4. O-O Nd7 5. d3 e5 6. c4 dxc4 7. dxc4 Ngf6 8. Nc3 Bc5 9. Qc2 h6 10. a3 a5 11. Rb1 Qe7 12. Nh4 O-O 13. h3 Be6 14. Nf5 Bxf5 15. Qxf5 a4 16. Qc2 Nb6 17. Ne4 Nxe4 18. Bxe4 Qe6 19. Kg2 Qxc4 20. Bh7+ Kh8 21. Qf5 Rad8 22. g4 g6 23. Qxe5+ Kxh7 24. b4 axb3 25. Bb2 Bd4 26. Qc7 Bxb2 27. Rxb2 Na4 28. Rbb1 Qd5+ 29. Kg1 Rd7 30. Qf4 Nc3 31. Rb2 Re8 32. Re1 Qe5 33. Qb4 Rd1 34. Rxd1 Nxd1 35. Qxb7 Nxb2 0-1


[Site "https://www.chess.com"]

[Event "Titled Tuesday Blitz March 29 Late 2022"]
[White "Moskalenko, Alexander"]
[Black "Riehle, Marco"]
[WhiteFideId "4155351"]
[BlackFideId "12904392"]
[WhiteElo "2475"]
[BlackElo "2462"]
[Result "1/2-1/2"]
[Round "03"]
[TimeControl "180+1"]
[Date "2022.03.29"]
[WhiteClock "0:00:19"]
[BlackClock "0:00:54"]

1. Nf3 c5 2. c4 Nf6 3. Nc3 d5 4. cxd5 Nxd5 5. e3 Nc6 6. Bb5 e6 7. Nxd5 exd5 8. b3 Be7 9. Bb2 O-O 10. Bxc6 bxc6 11. O-O Bg4 12. h3 Bh5 13. Rc1 a5 14. Ba3 c4 15. Bxe7 Qxe7 16. bxc4 Rab8 17. cxd5 cxd5 18. d4 Rb2 19. a4 Ra2 20. Rc5 Bxf3 21. Qxf3 Rxa4 22. Qxd5 Qa7 23. Rfc1 g6 24. Rc8 Qe7 25. Rxf8+ Kxf8 26. Qc5 Qxc5 27. Rxc5 Ra2 28. g4 a4 29. Rc7 a3 30. Ra7 h6 31. Kg2 Kg7 32. h4 Kf6 33. Ra6+ Ke7 34. g5 hxg5 35. hxg5 Ra1 36. Kf3 a2 37. Kf4 Kd7 38. f3 Kc7 39. e4 Kb7 40. Ra3 Kb6 41. d5 Kc5 42. Ra8 Kb4 43. d6 Kb3 44. d7 Rd1 45. Rb8+ Kc2 46. Ra8 Kb3 47. Rb8+ Kc2 48. Rc8+ Kb3 49. Rb8+ 1/2-1/2


[Site "https://www.chess.com"]

[Event "Titled Tuesday Blitz March 29 Late 2022"]
[White "Naroditsky, Daniel"]
[Black "Yuan, Qingyu"]
[WhiteFideId "2026961"]
[BlackFideId "8609772"]
[WhiteElo "2608"]
[BlackElo "2359"]
[Result "1/2-1/2"]
[Round "03"]
[TimeControl "180+1"]
[Date "2022.03.29"]
[WhiteClock "0:00:01"]
[BlackClock "0:00:08"]

1. e4 c6 2. Nf3 d5 3. d3 dxe4 4. dxe4 Qxd1+ 5. Kxd1 Nf6 6. Nbd2 Be6 7. Ng5 Bc8 8. Bc4 e6 9. a4 a5 10. Ke2 Nbd7 11. Ngf3 Bd6 12. b3 Ne5 13. Bb2 Nxf3 14. Kxf3 Bc7 15. Ke2 O-O 16. f3 Bd7 17. g3 Rfd8 18. Rhd1 Be8 19. Nf1 Nd7 20. Ne3 Ne5 21. Ba3 b5 22. Bd3 Bb6 23. Bb2 Nxd3 24. Rxd3 f6 25. Rxd8 Rxd8 26. Bc3 b4 27. Nc4 Bc7 28. Bd2 e5 29. c3 Bf7 30. cxb4 axb4 31. a5 Bxc4+ 32. bxc4 c5 33. Be3 Ra8 34. Bxc5 Rxa5 35. Rxa5 Bxa5 36. Kd3 b3 37. Ba3 Kf7 38. c5 Ke6 39. Kc4 Kd7 40. Kxb3 Be1 41. Kc4 Kc6 42. Bb4 Bf2 43. f4 Bg1 44. fxe5 fxe5 45. h3 Bd4 46. g4 g6 47. Ba3 Ba1 48. Bb4 Bd4 49. Ba3 Ba1 50. Bb4 Bd4 1/2-1/2


[Site "https://www.chess.com"]

[Event "Titled Tuesday Blitz March 29 Late 2022"]
[White "Nasuta, Grzegorz"]
[Black "Toncheva, Nadya"]
[WhiteFideId "1141686"]
[BlackFideId "2924056"]
[WhiteElo "2396"]
[BlackElo "1884"]
[Result "0-1"]
[Round "03"]
[TimeControl "180+1"]
[Date "2022.03.30"]
[WhiteClock "0:00:06"]
[BlackClock "0:00:12"]

1. e4 d5 2. exd5 Qxd5 3. Nf3 Qa5 4. g3 Nf6 5. Bg2 c6 6. O-O Bf5 7. d3 e6 8. Nbd2 Nbd7 9. Nc4 Qc7 10. Bf4 Qd8 11. Nd6+ Bxd6 12. Bxd6 Nb6 13. Ba3 Nc8 14. Qe2 Ne7 15. Qe5 O-O 16. Qd6 Re8 17. Qxd8 Raxd8 18. Rfe1 Ned5 19. Ne5 Nd7 20. Nxd7 Rxd7 21. b3 h6 22. Bb2 Red8 23. h3 Bg6 24. Re2 Ne7 25. Rae1 Nf5 26. Rd2 Nd4 27. c3 Nb5 28. d4 c5 29. a4 Nc7 30. Bxb7 Rb8 31. Bc6 Rd6 32. Bg2 Rxb3 33. Red1 cxd4 34. cxd4 Nd5 35. Rc1 Rdb6 36. Ba1 Rb1 37. Rdd1 Bc2 38. Rxb1 Bxb1 39. Rc1 Ba2 40. Bc3 Bb3 41. a5 Ra6 42. Bd2 Ba4 43. Rc5 Rd6 44. Kf1 Nf6 45. Bc3 Bb3 46. Ke2 a6 47. Kd3 Nd5 48. Bd2 Ba4 49. Be4 Bb5+ 50. Kc2 f5 51. Bg2 Kf7 52. Kb3 Kf6 53. Kc2 Be2 54. Bh1 Bb5 55. Bg2 g5 56. Bxd5 exd5 57. Bc3 Bc4 58. h4 Re6 59. Bb4 Re2+ 60. Kc3 Rxf2 61. Rc6+ Kg7 62. Rc7+ Kg6 63. Rc6+ Kh5 64. Bf8 gxh4 65. Rxh6+ Kg4 66. gxh4 f4 67. Rh8 Rh2 68. Bd6 Rh3+ 69. Kb4 f3 70. h5 f2 71. Rf8 Rf3 72. Rg8+ Kxh5 0-1


[Site "https://www.chess.com"]

[Event "Titled Tuesday Blitz March 29 Late 2022"]
[White "Nazari, Arad"]
[Black "Caruana, Fabiano"]
[WhiteFideId "12577324"]
[BlackFideId "2020009"]
[WhiteElo "2120"]
[BlackElo "2744"]
[Result "0-1"]
[Round "03"]
[TimeControl "180+1"]
[Date "2022.03.29"]
[WhiteClock "0:01:20"]
[BlackClock "0:01:36"]

1. e4 c5 2. Nf3 e6 3. d4 cxd4 4. Nxd4 Nc6 5. Nxc6 bxc6 6. Bd3 d5 7. O-O Nf6 8. Nd2 Bd6 9. Qe2 Qc7 10. Kh1 O-O 11. c4 Bb7 12. b3 d4 13. g3 c5 14. f4 a5 15. a4 Nd7 16. Kg1 f5 17. Re1 Rae8 18. exf5 exf5 19. Qxe8 Rxe8 20. Rxe8+ Kf7 21. Re2 Qc6 22. Nf1 Qh1+ 23. Kf2 Qf3+ 24. Ke1 Qxd3 25. Bd2 Nf6 26. Bxa5 Qxb3 27. Nd2 Qd3 28. Rb1 Bf3 29. Nxf3 Qxb1+ 0-1


[Site "https://www.chess.com"]

[Event "Titled Tuesday Blitz March 29 Late 2022"]
[White "Needleman, Alejandro"]
[Black "Rosen, Eric"]
[WhiteFideId "100730"]
[BlackFideId "2032562"]
[WhiteElo "2233"]
[BlackElo "2362"]
[Result "0-1"]
[Round "03"]
[TimeControl "180+1"]
[Date "2022.03.30"]
[WhiteClock "0:00:02"]
[BlackClock "0:00:04"]

1. e4 e5 2. Nf3 Nf6 3. Nxe5 Nc6 4. Nxc6 dxc6 5. d3 Bc5 6. Be2 h5 7. Nc3 Ng4 8. Bxg4 hxg4 9. Be3 Bxe3 10. fxe3 Qd6 11. Qe2 Be6 12. O-O-O Rxh2 13. Rxh2 Qxh2 14. d4 O-O-O 15. d5 cxd5 16. exd5 Bd7 17. e4 Qe5 18. Qf2 a6 19. Qxf7 b5 20. Qf2 Kb7 21. Qd4 Qxd4 22. Rxd4 Re8 23. Kd2 c5 24. dxc6+ Bxc6 25. Nd5 Rh8 26. Ke3 Rh1 27. a3 Rc1 28. Rd2 Rf1 29. Rf2 Re1+ 30. Kd4 Rd1+ 31. Kc5 Be8 32. Rf8 Bg6 33. Rg8 Bxe4 34. Rxg7+ Kc8 35. Rg8+ Kb7 36. Rg7+ Kc8 37. Ne7+ Kd7 38. Nf5+ Ke6 39. Nd4+ Ke5 40. Re7+ Kf4 41. Ne2+ Kf5 42. Rf7+ Ke5 43. Re7+ Kf5 44. Ng3+ Kf4 45. Nxe4 Re1 46. Nc3 Rc1 47. Re2 Kg3 48. Rd2 Re1 49. Kb6 Re6+ 50. Ka5 Kh2 51. b4 g3 52. a4 bxa4 53. Kxa4 Rf6 54. Ne4 Rf4 55. Re2 Rf1 56. Ka5 Ra1+ 57. Kb6 Ra4 58. c3 Ra1 59. c4 Ra4 60. c5 a5 61. Kb5 Rxb4+ 62. Kxa5 Rb1 63. c6 Rc1 64. Kb6 Kg1 65. Nc5 Kf1 66. Rd2 Rb1+ 67. Kc7 Ra1 0-1


[Site "https://www.chess.com"]

[Event "Titled Tuesday Blitz March 29 Late 2022"]
[White "Oganian, Miran"]
[Black "Bayo Milagro, Alvaro"]
[WhiteFideId "4122488"]
[BlackFideId "22275240"]
[WhiteElo "2357"]
[BlackElo "2270"]
[Result "1-0"]
[Round "03"]
[TimeControl "180+1"]
[Date "2022.03.30"]
[WhiteClock "0:00:54"]
[BlackClock "0:00:05"]

1. e4 e5 2. Nf3 Nc6 3. Nc3 Nf6 4. d4 exd4 5. Nxd4 Bb4 6. Nxc6 bxc6 7. Bd3 d5 8. exd5 cxd5 9. O-O O-O 10. h3 Re8 11. Qf3 c6 12. Bf4 Bd6 13. Ne2 Be6 14. Nd4 Bxf4 15. Qxf4 Bd7 16. Rfe1 c5 17. Nf3 Qb6 18. b3 h6 19. Ne5 Be6 20. Bf5 Bxf5 21. Qxf5 Re6 22. c4 d4 23. Nd3 Nd7 24. Nf4 Rf6 25. Qe4 Qd8 26. Nd5 Re6 27. Qf5 Nf8 28. Qf3 Rc8 29. Nf4 Rf6 30. Qg3 Qd6 31. Nh5 Rg6 32. Qf3 Ne6 33. Ng3 Nf4 34. Nf5 Nxg2 35. Nxd6 Nxe1+ 36. Qg3 Rxg3+ 37. fxg3 Rd8 38. Nb7 Re8 39. Nxc5 Nc2 40. Rd1 Re2 41. Nd7 f6 42. c5 Ne3 43. Rxd4 Rg2+ 44. Kh1 Rc2 45. Rd3 Nf5 46. g4 Ne7 47. b4 Kf7 48. b5 Ke6 49. c6 Nd5 50. Nf8+ Kd6 51. Rd1 Rxa2 52. Ng6 Rc2 53. Nf4 Kc5 54. Nxd5 Kxb5 55. c7 a5 56. Rb1+ Ka4 57. Rb8 1-0


[Site "https://www.chess.com"]

[Event "Titled Tuesday Blitz March 29 Late 2022"]
[White "Omariev, Maksim"]
[Black "Dylag, Emilia"]
[WhiteFideId "4193423"]
[BlackFideId "21805172"]
[WhiteElo "2505"]
[BlackElo "1932"]
[Result "1-0"]
[Round "03"]
[TimeControl "180+1"]
[Date "2022.03.30"]
[WhiteClock "0:00:06"]
[BlackClock "0:00:04"]

1. g4 e6 2. Bg2 d5 3. d4 c5 4. c3 Nc6 5. Nf3 Nf6 6. g5 Ne4 7. h4 Be7 8. Nbd2 Qc7 9. Nxe4 dxe4 10. Nh2 cxd4 11. cxd4 Bb4+ 12. Kf1 Bd7 13. Bxe4 O-O-O 14. Nf3 f5 15. Bd3 Be8 16. a3 Ba5 17. b4 Bb6 18. Bb2 Kb8 19. Rc1 Qd6 20. e3 Bh5 21. Kg2 Rhf8 22. b5 Ne7 23. Qb3 Nd5 24. Ne5 f4 25. Be4 fxe3 26. fxe3 h6 27. a4 Ba5 28. Nc4 Qe7 29. Nxa5 Qf7 30. Rcf1 Qc7 31. Nc4 Qxc4 32. Qxc4 Nxe3+ 33. Kg3 Nxc4 34. Bc3 Ne3 35. Rxf8 Rxf8 36. Re1 Nc4 37. gxh6 gxh6 38. Bb4 Rg8+ 39. Kh2 Nb2 40. Bd6+ Ka8 41. Bg2 Nxa4 42. Rxe6 Nb6 43. Rxh6 Bf7 44. Bc5 Bd5 45. Rh7 Rxg2+ 46. Kh3 Rg8 47. h5 Be6+ 48. Kh4 Nd5 49. h6 Nf6 50. Rg7 Rxg7 51. hxg7 Ng8 52. Kg5 a6 53. bxa6 bxa6 54. Kf4 Kb7 55. Ke5 Bc4 56. d5 Kc7 57. d6+ Kd7 58. Bb4 Bb5 59. Kf5 Kc6 60. Kg6 Bc4 61. Kh7 Be6 62. Kh8 Kb5 63. Ba3 a5 64. d7 Bxd7 65. Kxg8 Be6+ 66. Kf8 Ka4 67. Be7 Kb3 68. Bd6 a4 69. Ke7 a3 70. Bxa3 Kxa3 71. Kxe6 Kb2 72. g8=Q Kc1 73. Qg3 Kd2 74. Ke5 Kd1 75. Ke4 1-0


[Site "https://www.chess.com"]

[Event "Titled Tuesday Blitz March 29 Late 2022"]
[White "Papasimakopoulos, Alexandros"]
[Black "Indjic, Aleksandar"]
[WhiteFideId "4244125"]
[BlackFideId "911925"]
[WhiteElo "2340"]
[BlackElo "2616"]
[Result "1-0"]
[Round "03"]
[TimeControl "180+1"]
[Date "2022.03.29"]
[WhiteClock "0:00:17"]
[BlackClock "0:00:02"]

1. d4 Nf6 2. c4 c5 3. d5 e6 4. Nc3 exd5 5. cxd5 d6 6. Nf3 g6 7. Bf4 Bg7 8. e4 O-O 9. Be2 Bg4 10. O-O Bxf3 11. Bxf3 a6 12. e5 dxe5 13. Bxe5 Ne8 14. Bxg7 Kxg7 15. a4 Nd6 16. Re1 Nd7 17. Ne4 Qc7 18. Qc2 Nxe4 19. Rxe4 Qd6 20. Qc3+ Kg8 21. Rae1 b5 22. axb5 axb5 23. h4 b4 24. Qc1 Nf6 25. R4e2 Rfe8 26. h5 Rxe2 27. Rxe2 Re8 28. Rxe8+ Nxe8 29. b3 Nf6 30. Qg5 Kg7 31. h6+ Kf8 32. g3 Ne8 33. Qd2 Qe5 34. Kf1 Ke7 35. Qa2 Qc3 36. Be2 Kf6 37. Qa8 Ke7 38. Bc4 Qe5 39. Qa7+ Qc7 40. Qa8 Qd7 41. Kg2 Kf6 42. Qa5 Qd6 43. Qa8 Qd7 44. Qb8 g5 45. Kg1 Qe7 46. Bb5 Qe1+ 47. Kg2 Qe4+ 48. Kh2 1-0


[Site "https://www.chess.com"]

[Event "Titled Tuesday Blitz March 29 Late 2022"]
[White "Paravyan, David"]
[Black "Jaracz, Pawel"]
[WhiteFideId "4194985"]
[BlackFideId "1102222"]
[WhiteElo "2569"]
[BlackElo "2429"]
[Result "1-0"]
[Round "03"]
[TimeControl "180+1"]
[Date "2022.03.29"]
[WhiteClock "0:00:08"]
[BlackClock "0:00:06"]

1. e4 c5 2. Nf3 e6 3. d4 cxd4 4. Nxd4 Nc6 5. Nc3 d6 6. g4 Nge7 7. h4 Nxd4 8. Qxd4 Nc6 9. Qd3 Qb6 10. f4 Bd7 11. a3 Rc8 12. Be3 Qa5 13. O-O-O a6 14. Kb1 b5 15. Rh3 b4 16. axb4 Nxb4 17. Qd4 h5 18. g5 e5 19. fxe5 Nc6 20. Qd5 Qxd5 21. exd5 Nxe5 22. Rg3 Be7 23. Bxa6 Rb8 24. Bd4 O-O 25. Bxe5 dxe5 26. d6 Bd8 27. Ne4 Rb4 28. Nc5 Bf5 29. Rf1 g6 30. Rgf3 Rxh4 31. Rxf5 gxf5 32. Rxf5 Rh1+ 33. Ka2 Re1 34. Nd7 Re8 35. Bc4 Kg7 36. Bxf7 Rh8 37. Be6 h4 38. Nxe5 Rxe5 39. Rxe5 Re8 40. Re4 h3 41. Bd5 Rh8 42. c4 h2 43. Re1 Bb6 44. d7 Bg1 45. Re8 Bb6 46. Rxh8 1-0


[Site "https://www.chess.com"]

[Event "Titled Tuesday Blitz March 29 Late 2022"]
[White "Perera Alfonso, Rene Humberto"]
[Black "Bortnyk, Olexandr"]
[WhiteFideId "3514722"]
[BlackFideId "14120828"]
[WhiteElo "2313"]
[BlackElo "2723"]
[Result "0-1"]
[Round "03"]
[TimeControl "180+1"]
[Date "2022.03.29"]
[WhiteClock "0:00:07"]
[BlackClock "0:01:39"]

1. e4 d6 2. d4 Nf6 3. Nc3 Nbd7 4. f3 e5 5. Be3 c6 6. Qd2 b5 7. Nge2 Be7 8. g4 b4 9. Nd1 d5 10. g5 Nh5 11. exd5 cxd5 12. Nf2 O-O 13. O-O-O Ba6 14. Ng3 Bxf1 15. Nxh5 Bg2 16. Rhg1 Bxf3 17. Nf6+ Nxf6 18. gxf6 Bxf6 19. Rdf1 e4 20. Ng4 Kh8 21. Bf4 Bxg4 22. Rxg4 Qb6 23. Be3 Qa6 24. Rgf4 Qxa2 25. Qxb4 Rab8 26. Qc3 Rfc8 27. Qa3 Qxa3 28. bxa3 Bg5 29. Rxe4 dxe4 30. Bxg5 f6 0-1


[Site "https://www.chess.com"]

[Event "Titled Tuesday Blitz March 29 Late 2022"]
[White "Petrovic, Aleksa"]
[Black "Gauri, Shankar"]
[WhiteFideId "967629"]
[BlackFideId "5041350"]
[WhiteElo "2245"]
[BlackElo "2240"]
[Result "1-0"]
[Round "03"]
[TimeControl "180+1"]
[Date "2022.03.30"]
[WhiteClock "0:00:07"]
[BlackClock "0:00:03"]

1. d4 Nf6 2. Nf3 e6 3. c4 Bb4+ 4. Bd2 Qe7 5. g3 Nc6 6. Nc3 Bxc3 7. Bxc3 Ne4 8. Rc1 Nxc3 9. Rxc3 d6 10. Bg2 O-O 11. O-O e5 12. Re3 f6 13. Qd2 Kh8 14. Rc1 Bg4 15. h3 Bxf3 16. Bxf3 Qd7 17. Bxc6 Qxc6 18. dxe5 fxe5 19. Qd5 Qb6 20. Qd2 Rae8 21. b4 a5 22. bxa5 Qc6 23. Qd5 Ra8 24. Qxc6 bxc6 25. c5 d5 26. Rxe5 Rxa5 27. Re6 Rxa2 28. Rxc6 Rxe2 29. Rxc7 d4 30. Rd7 h6 31. Rf1 Rc8 32. Rxd4 Rxc5 33. Rf4 Rce5 34. Kg2 Re1 35. Rxe1 Rxe1 36. h4 Re5 37. Kf3 h5 38. Re4 Rf5+ 39. Ke3 g6 40. Rf4 Re5+ 41. Kf3 Kg7 42. Kg2 Ra5 43. Kh3 Ra1 44. Rb4 Rh1+ 45. Kg2 Ra1 46. Rb7+ Kf6 47. Rb6+ Kg7 48. f3 Ra2+ 49. Kh3 Ra3 50. Rb7+ Kf6 51. Rb6+ Kg7 52. Kg2 Ra2+ 53. Kg1 Rc2 54. Re6 Rd2 55. Re1 Ra2 56. Rf1 Rb2 57. Rf2 Rb1+ 58. Kg2 Rb3 59. g4 hxg4 60. fxg4 Ra3 61. Rf3 Ra2+ 62. Kg3 Ra1 63. Kf4 Ra4+ 64. Kg3 Ra1 65. Re3 Rg1+ 66. Kf4 Rf1+ 67. Kg5 Ra1 68. Re7+ Kf8 69. Rb7 Ra6 70. Rc7 Kg8 71. Kh6 Kf8 72. Rb7 Rc6 73. g5 1-0


[Site "https://www.chess.com"]

[Event "Titled Tuesday Blitz March 29 Late 2022"]
[White "Piliczewski, Bogusz"]
[Black "Rabineau, Clement"]
[WhiteFideId "1104144"]
[BlackFideId "628891"]
[WhiteElo "1896"]
[BlackElo "2237"]
[Result "0-1"]
[Round "03"]
[TimeControl "180+1"]
[Date "2022.03.30"]
[WhiteClock "0:00:12"]
[BlackClock "0:00:06"]

1. d4 d6 2. Nf3 g6 3. Bf4 Bg7 4. h3 f5 5. e3 Nf6 6. Be2 O-O 7. O-O Nc6 8. c4 Nh5 9. Bh2 e5 10. Nc3 f4 11. dxe5 dxe5 12. Qxd8 Rxd8 13. Rfd1 Bd7 14. Nd5 fxe3 15. fxe3 e4 16. Nd4 Nxd4 17. exd4 c6 18. Bxh5 cxd5 19. Be2 Be6 20. c5 Rac8 21. b4 b6 22. Bd6 bxc5 23. bxc5 Bd7 24. Ba6 Rc6 25. Bb7 Rxd6 26. cxd6 Bb5 27. Bxd5+ Kf8 28. Bxe4 Rxd6 29. d5 Bxa1 30. Rxa1 Bc4 31. a4 Ke7 32. Rd1 a5 33. Rd4 Bb3 34. Kf2 Rb6 35. Bf3 Kd6 36. Rh4 h5 37. g4 hxg4 38. Rxg4 Kc5 39. Be4 Bxa4 40. Bxg6 Bd7 41. Rg5 a4 42. d6+ Kxd6 43. Ra5 Bb5 44. h4 Kc5 45. h5 Kb4 46. Rxa4+ Bxa4 47. Ke3 Bd7 48. Kf4 Kc5 49. Kg5 Kd5 50. h6 Rb8 51. Bf7+ Kd6 52. h7 Rh8 53. Bg8 Ke7 54. Kg6 Kf8 55. Kf6 Bb5 56. Kg6 Ba4 57. Kf6 Bc2 58. Ke6 Bxh7 59. Bxh7 Rxh7 0-1


[Site "https://www.chess.com"]

[Event "Titled Tuesday Blitz March 29 Late 2022"]
[White "Pourkashiyan, Atousa"]
[Black "Erdogdu, Mert"]
[WhiteFideId "12502014"]
[BlackFideId "6301495"]
[WhiteElo "2247"]
[BlackElo "2485"]
[Result "1/2-1/2"]
[Round "03"]
[TimeControl "180+1"]
[Date "2022.03.30"]
[WhiteClock "0:00:08"]
[BlackClock "0:00:09"]

1. e4 c5 2. Nf3 d6 3. d4 cxd4 4. Nxd4 Nf6 5. Nc3 a6 6. Be2 e6 7. O-O Be7 8. f4 Qc7 9. Be3 O-O 10. a4 Nc6 11. Kh1 Re8 12. Qe1 Nxd4 13. Bxd4 e5 14. fxe5 dxe5 15. Qg3 Bd8 16. Be3 Kh8 17. Rad1 Be6 18. Bg5 Be7 19. Nd5 Bxd5 20. Bxf6 Bxf6 21. exd5 Qxc2 22. Bd3 Qb3 23. d6 Rad8 24. Qg4 Rxd6 25. Be4 Rxd1 26. Rxd1 g6 27. Rf1 Kg7 28. h3 h5 29. Qd7 Re7 30. Qd6 Bh4 31. Qd8 Qc4 32. Bd3 Qxa4 33. Bxg6 fxg6 34. Qf8+ Kh7 35. Rf7+ Rxf7 36. Qxf7+ Kh6 37. Qf8+ Kg5 38. Qd8+ Kf5 39. Qc8+ Ke4 40. Qxb7+ Ke3 41. Qb6+ Qd4 42. Qxg6 Ke2 43. Qxh5+ Kf1 44. Qf3+ Qf2 45. Qd1+ Qe1 46. Qf3+ Bf2 47. Kh2 Qe2 48. Qd5 e4 49. Qc6 Qe3 50. Qc4+ Qe2 51. Qc1+ Be1 52. Qf4+ Qf2 53. Qxe4 Qg3+ 54. Kh1 Qf2 55. Qd3+ Qe2 56. Qf5+ Bf2 57. Qb1+ Qe1 58. Qd3+ Qe2 59. Qb1+ Be1 60. Qf5+ Qf2 61. Qd3+ Qe2 62. Qf5+ 1/2-1/2


[Site "https://www.chess.com"]

[Event "Titled Tuesday Blitz March 29 Late 2022"]
[White "Pranav, V"]
[Black "Mitrabha, Guha"]
[WhiteFideId "25060783"]
[BlackFideId "5057000"]
[WhiteElo "2349"]
[BlackElo "2468"]
[Result "0-1"]
[Round "03"]
[TimeControl "180+1"]
[Date "2022.03.29"]
[WhiteClock "0:00:02"]
[BlackClock "0:00:47"]

1. e4 e5 2. Nf3 Nc6 3. Nc3 Nf6 4. g3 Bc5 5. Bg2 d6 6. d3 a6 7. O-O O-O 8. h3 Re8 9. Kh2 d5 10. Bg5 dxe4 11. dxe4 Be6 12. Nd5 Be7 13. Nxe7+ Qxe7 14. Qe2 h6 15. Bd2 Qc5 16. Be3 Qc4 17. Qxc4 Bxc4 18. Rfd1 Nxe4 19. b3 Be6 20. Nxe5 Nxe5 21. Bxe4 Bg4 22. Bxb7 Rab8 23. Bxa6 Bxd1 24. Rxd1 Ra8 25. Bb5 c6 26. Ba4 Re6 27. Kg2 Ng6 28. Rd3 Ne7 29. Bc5 Nd5 30. Bxc6 Rxc6 31. Rxd5 Rxa2 32. c3 Rc2 33. Bd4 Ra6 34. b4 Kh7 35. Rd7 Kg6 36. Kf3 Ra3 37. Rc7 Rb2 38. Ke4 Ra8 39. Kd5 f6 40. Kc4 Rb1 41. b5 Ra4+ 42. Kc5 Ra5 43. Rb7 Kf5 44. Kc6 Ra4 45. Rxg7 Ke6 46. Kc5 Ra8 47. Rc7 Ra5 48. Rc6+ Kd7 49. c4 Ra4 50. Be3 Ke7 51. Rc7+ Ke6 52. b6 Rbb4 53. Rc6+ Ke5 54. Bd4+ Ke4 55. f3+ Kd3 56. Kd5 Ra5+ 57. Rc5 Ra8 58. Rb5 Rd8+ 59. Ke6 Rxb5 60. cxb5 Kxd4 0-1


[Site "https://www.chess.com"]

[Event "Titled Tuesday Blitz March 29 Late 2022"]
[White "Prohorov, Olexandr"]
[Black "Krstulovic, Alex"]
[WhiteFideId "14105578"]
[BlackFideId "760056"]
[WhiteElo "1993"]
[BlackElo "2193"]
[Result "0-1"]
[Round "03"]
[TimeControl "180+1"]
[Date "2022.03.30"]
[WhiteClock "0:00:02"]
[BlackClock "0:01:02"]

1. d4 Nf6 2. g3 d5 3. Bg2 g6 4. Nf3 c6 5. O-O Bg7 6. c3 O-O 7. Bf4 Bf5 8. a4 Nbd7 9. a5 c5 10. dxc5 Nxc5 11. Na3 Nfe4 12. Nc2 Nb3 13. Ra3 Nxa5 14. Nb4 Nc4 15. Ra2 e5 16. Bc1 Be6 17. Nd2 Nexd2 18. Bxd2 a5 19. Nd3 d4 20. Nc5 Bd5 21. Nxb7 Qd7 22. Nc5 Qc6 23. Bxd5 Qxd5 24. b4 Ne3 25. Bxe3 Qxa2 26. cxd4 exd4 27. Bxd4 Rfd8 28. Qa1 Qxa1 29. Bxa1 Bxa1 30. Rxa1 axb4 31. Rb1 Rab8 32. Kf1 Rdc8 33. Nb3 Rc2 34. h3 Rd8 35. e3 Rdc8 36. Kg2 Rb8 37. g4 Kf8 38. h4 Ke7 39. Nd4 Rc3 40. Kf3 Kd6 41. Nb3 Kd5 42. h5 Kc4 43. Nd2+ Kd3 44. Ne4 Kc2 45. Rh1 Rc6 46. hxg6 hxg6 47. Ng5 b3 48. Nxf7 Rf6+ 49. Ke4 Rxf7 0-1


[Site "https://www.chess.com"]

[Event "Titled Tuesday Blitz March 29 Late 2022"]
[White "Qashashvili, Alexandre"]
[Black "Nazaretyan, Tigran"]
[WhiteFideId "13600842"]
[BlackFideId "24162345"]
[WhiteElo "2316"]
[BlackElo "2219"]
[Result "0-1"]
[Round "03"]
[TimeControl "180+1"]
[Date "2022.03.30"]
[WhiteClock "0:02:00"]
[BlackClock "0:01:59"]

1. e4 c5 2. Nc3 Nc6 3. Nf3 d6 4. d3 g6 5. Be3 Bg7 6. Qd2 Nd4 7. Be2 e5 8. Bd1 Ne7 9. Bh6 O-O 10. h4 f5 11. h5 f4 12. Bxg7 Kxg7 13. hxg6 hxg6 14. g3 Rh8 15. Rg1 fxg3 16. Rxg3 Nxf3+ 17. Rxf3 Rh1+ 18. Ke2 Nc6 19. Qe3 Bg4 20. Kd2 Bxf3 21. Qxf3 Qg5+ 22. Ke2 Nd4# 0-1


[Site "https://www.chess.com"]

[Event "Titled Tuesday Blitz March 29 Late 2022"]
[White "Quintiliano Pinto, Renato R."]
[Black "Batsiashvili, Nino"]
[WhiteFideId "2117568"]
[BlackFideId "13602993"]
[WhiteElo "2439"]
[BlackElo "2192"]
[Result "1-0"]
[Round "03"]
[TimeControl "180+1"]
[Date "2022.03.30"]
[WhiteClock "0:00:32"]
[BlackClock "0:00:04"]

1. Nf3 d5 2. g3 Nf6 3. Bg2 c5 4. O-O h6 5. d4 cxd4 6. Nxd4 e5 7. Nb3 Be6 8. c4 dxc4 9. Qxd8+ Kxd8 10. Na5 Nc6 11. Nxb7+ Kc7 12. Na5 e4 13. Nxc6 Kxc6 14. Nc3 Bf5 15. f3 Bc5+ 16. Kh1 e3 17. f4+ Kc7 18. Bxa8 Rxa8 19. Rd1 Bd7 20. Kg1 Bc6 21. b3 cxb3 22. axb3 Rb8 23. Ba3 Bxa3 24. Rxa3 Rb7 25. Rd3 Ng4 26. h3 Nf2 27. Rxe3 Nxh3+ 28. Kh2 Nf2 29. Re7+ Kb8 30. Rxb7+ Kxb7 31. b4 Ng4+ 32. Kg1 Ne3 33. b5 Bd7 34. Ra4 Nf5 35. Kf2 Kb6 36. Ra6+ Kb7 37. Ra1 Kb6 38. Rd1 Be6 39. e4 Ne7 40. f5 Bc4 41. Rd7 Nc8 42. Rd8 Kb7 43. g4 g6 44. f6 Be6 45. Kg3 h5 46. gxh5 gxh5 47. e5 Kc7 48. Rd4 Nb6 49. Ne4 Nd7 50. Kf4 Kb6 51. Ng5 1-0


[Site "https://www.chess.com"]